 Dungeon Crawl Stone Soup version 0.29.1-15-g9cfb28693d (webtiles) character file.

Game seed: 16971964929421098199

90 Ast3rio the Magician (level 4, 0/24 HPs)
             Began as a Deep Elf Air Elementalist on Mar 10, 2023.
             Slain by Robin
             ... wielding a +0 falchion
              (5 damage)
             ... on level 2 of the Dungeon.
             The game lasted 00:04:52 (1480 turns).

Ast3rio the Magician (Deep Elf Air Elementalist)    Turns: 1480, Time: 00:04:53

Health: 0/24       AC:  2    Str:  5    XL:     4   Next: 32%
Magic:  2/12       EV: 13    Int: 22    God:
Gold:   79         SH:  0    Dex: 15    Spells: 5/11 levels left

rFire   . . .      SeeInvis .   (no weapon)
rCold   . . .      Faith    .   (no shield)
rNeg    . . .      Spirit   .   a - +0 robe
rPois   .          Reflect  .   (no helmet)
rElec   .          Harm     .   (no cloak)
rCorr   .          Rampage  .   (no gloves)
Will    .....                   (no boots)
Stlth   ++........              (no amulet)
HPRegen 0.08/turn               (no ring)
MPRegen 0.13/turn               (no ring)

@: no status effects
A: no striking features
a: no special abilities


You were on level 2 of the Dungeon.
You visited 1 branch of the dungeon, and saw 2 of its levels.

You collected 79 gold pieces.

Inventory:

Armour
 a - a +0 robe (worn)
Jewellery
 g - an amulet of reflection
Scrolls
 b - a scroll of teleportation {unknown}
 c - a scroll of fear {unknown}
 d - a scroll of fog {unknown}
 e - 2 scrolls of amnesia {unknown}
 h - 3 scrolls of identify {unknown}
 k - a scroll of enchant armour {unknown}
 m - a scroll of vulnerability {unknown}
Potions
 f - a potion of resistance {unknown}
 i - 2 potions of flight {unknown}
 j - a potion of degeneration {unknown}
 l - a potion of magic


   Skills:
 + Level 2.7 Dodging
 + Level 2.7 Stealth
 + Level 4.0 Spellcasting
 + Level 2.3 Conjurations
 + Level 4.0 Air Magic


You had 5 spell levels left.
You knew the following spells:

 Your Spells              Type           Power      Damage    Failure   Level
a - Shock                 Conj/Air       72%        1d7       3%          1
b - Static Discharge      Conj/Air       18%        3-6/arc   4%          2
c - Swiftness             Air            22%        N/A       6%          3

Your spell library contained the following spells:

 Spells                   Type           Power      Damage    Failure   Level
 Sublimation of Blood     Necr           4%         N/A       17%         2
 Wereblood                Tmut           4%         N/A       17%         2
 Airstrike                Air            11%        2d(2-18)  22%         4
 Summon Hydra             Summ           2%         N/A       100%        7


Dungeon Overview and Level Annotations

Branches:
Dungeon (2/15)

Altars:
Makhleb

Annotations:
D:2 Robin


Message History

Robin is moderately wounded.
Robin hits you with a +0 falchion.
You hit Robin.
Robin is heavily wounded.
Robin misses you.
You barely miss Robin.
Robin is heavily wounded.
Robin hits you with a +0 falchion.
You closely miss Robin.
Robin is heavily wounded.
Robin hits you with a +0 falchion.
You hit Robin but do no damage.
Robin is heavily wounded.
Robin closely misses you.
You barely miss Robin. You punch Robin, but do no damage.
Robin is heavily wounded.
Robin misses you.
You hit Robin.
Robin is heavily wounded.
Robin closely misses you.
You barely miss Robin.
Robin is heavily wounded.
Robin hits you with a +0 falchion.
You hit Robin but do no damage.
Robin is heavily wounded.
Robin hits you with a +0 falchion.
You barely miss Robin.
Robin is heavily wounded.
Robin closely misses you.
You closely miss Robin.
Robin is heavily wounded.
Robin hits you with a +0 falchion.
* * * LOW HITPOINT WARNING * * *
You closely miss Robin.
Robin is heavily wounded.
Robin hits you but does no damage.
You barely miss Robin.
Robin is heavily wounded.
Robin hits you with a +0 falchion.
You die...

#.#....#
#.#######.
#.........
##.......<
#.######.
. #.# .
#.# ...
#####.#
....
#@....#
....
#g#####
.... ...)
....
..)...#
....
.).)....#
....
).).....#
....
........#
....
........#
#... ####


You could see Robin.

Vanquished Creatures
  Terence (D:2)
  4 dart slugs (D:1)
  6 endoplasms
  3 giant cockroaches
  16 goblins
  5 hobgoblins
  A quokka (D:1)
  5 ball pythons
  2 bats (D:1)
  3 frilled lizards (D:1)
  A kobold (D:1)
  4 rats (D:1)
51 creatures vanquished.

Notes
Turn   | Place    | Note
-------+----------+-------------------------------------------
     0 | D:1      | Ast3rio the Deep Elf Air Elementalist began the quest for
                  | the Orb.
     0 | D:1      | Reached XP level 1. HP: 10/10 MP: 6/6
   165 | D:1      | Found a burning altar of Makhleb.
   170 | D:1      | Reached XP level 2. HP: 7/15 MP: 2/8
   565 | D:1      | Found a faded altar of an unknown god.
   812 | D:1      | Learned a level 2 spell: Static Discharge
   823 | D:1      | Reached XP level 3. HP: 19/19 MP: 3/9
   864 | D:1      | Learned a level 3 spell: Swiftness
  1301 | D:2      | Noticed Terence
  1307 | D:2      | Killed Terence
  1308 | D:2      | Reached XP level 4. HP: 14/24 MP: 3/11
  1458 | D:2      | Noticed Robin
  1480 | D:2      | Slain by Robin

Illustrated notes

Levels and vault maps discovered:
D:1:      dpeg_arrival_tiny_i, layout_basic, hellmonk_ecumenical_altar_lost_god,
          minmay_hexomino_r4
D:2:      layout_basic, hangedman_decor_push, dreamdust_princess_corridor,
          minivault_23, grunt_decor_arrowhead, uniq_terence, uniq_natasha,
          uniq_robin

Skill      XL: |  1  2  3  4 |
---------------+-------------+-----
Conjurations   | 2 |  2.3
Spellcasting   | 4 |  4.0
Air Magic      | 4 |  4.0
Dodging        | |  2.7
Stealth        | |  2.7

Action                   |  1- 3 |  4- 6 || total
-------------------------+-------+-------++-------
Melee: Unarmed           |       |    15 ||    15
       Punch             |       |     1 ||     1
 Cast: Shock             |    76 |    15 ||    91
       Static Discharge  |     1 |       ||     1
  Use: Potion            |     1 |       ||     1
Armor: Robe              |       |     2 ||     2
Dodge: Dodged            |     4 |    11 ||    15
